 Dungeon Crawl Stone Soup version 0.26-a0-1181-gd376ed14c5 (webtiles) character file.

Game seed: 14909231614245842049

143689 HoaS the Wrestler (level 17, -5/152 HPs)
             Began as a Ghoul Gladiator on Dec 25, 2020.
             Was the Champion of Makhleb.
             Killed from afar by a will-o-the-wisp (18 damage)
             ... with a foxfire
             ... on level 4 of the Swamp.
             The game lasted 01:09:51 (21322 turns).

HoaS the Wrestler (Ghoul Gladiator)                Turns: 21322, Time: 01:09:52

Health: -5/152     AC: 33    Str: 28    XL:     17   Next: 38%
Magic:  0/16       EV: 18    Int:  3    God:    Makhleb [******]
Gold:   2382       SH:  0    Dex: 20    Spells: 16/16 levels left

rFire    . . .     SeeInvis .     - Unarmed
rCold    + . .     Faith    .   (no shield)
rNeg     + + +     Spirit   +   q - +7 chain mail of the Kettle-Drum {rPois Str+4 Dex+3}
rPois    ∞         Reflect  .   Q - +2 helmet
rElec    .         Harm     .   D - +2 cloak
rCorr    .         Rampage  .   n - +2 pair of gloves
Will     +....                  p - +2 pair of boots
Stlth    ..........             j - amulet of guardian spirit
HPRegen  0.00/turn              M - +6 ring of dexterity
MPRegen  0.15/turn              (no ring)

@: about to teleport, slowed, very slow
A: claws 1, cold resistance 1, negative energy resistance 3, inhibited
regeneration, torment resistance, unbreathing
a: Renounce Religion, Minor Destruction, Lesser Servant of Makhleb, Major
Destruction, Greater Servant of Makhleb


You were on level 4 of the Swamp.
You worshipped Makhleb.
Makhleb was exalted by your worship.
You visited 4 branches of the dungeon, and saw 27 of its levels.
You also visited: Ossuary, Gauntlet and Volcano.

You collected 4329 gold pieces.
You spent 1947 gold pieces at shops.

Inventory:

Missiles
 c - 3 throwing nets
 t - 18 boomerangs (quivered)
 u - 5 silver boomerangs
 v - 65 poisoned darts
 G - 6 silver javelins
 H - 24 javelins
 O - 4 atropa-tipped darts
Armour
 n - a +2 pair of gloves (worn)
 p - a +2 pair of boots (worn)
 q - the +7 chain mail of the Kettle-Drum (worn) {rPois Str+4 Dex+3}
   (You found it on level 5 of the Dungeon)

   It affects your strength (+4).
   It affects your dexterity (+3).
   It protects you from poison.
 D - a +2 cloak (worn)
 J - a scarf of resistance
 Q - a +2 helmet (worn)
Jewellery
 j - an amulet of guardian spirit (around neck)
 w - an uncursed ring of fire
 K - an uncursed ring of ice
 M - a +6 ring of dexterity (left hand)
Wands
 h - a wand of disintegration (15)
 y - a wand of random effects (18)
 A - a wand of acid (15)
 B - a wand of enslavement (14)
 C - a wand of paralysis (10)
 E - a wand of polymorph (24)
 F - a wand of iceblast (33)
 N - a wand of flame (34)
Scrolls
 b - 2 scrolls of magic mapping
 f - 10 scrolls of remove curse
 k - 14 scrolls of teleportation
 o - 4 scrolls of fear
 x - 9 scrolls of identify
 z - 7 scrolls of blinking
 I - 4 scrolls of enchant armour
 L - 4 scrolls of fog
Potions
 a - 6 potions of haste
 d - 15 potions of curing
 e - 2 potions of invisibility
 g - 2 potions of cancellation
 i - 4 potions of attraction
 l - 3 potions of flight
 m - 5 potions of might
 r - 2 potions of resistance
 s - 8 potions of heal wounds
 P - 4 potions of ambrosia
 R - a potion of experience


   Skills:
 + Level 14.1 Fighting
 - Level 1.7 Throwing
 + Level 12.0 Armour
 + Level 12.3 Dodging
 * Level 21.2 Unarmed Combat


You had 16 spell levels left.
You didn't know any spells.
Your spell library contained the following spells:

 Spells                   Type           Power        Failure   Level
 Animate Skeleton         Necr           0%           94%         1
 Apportation              Tloc           0%           94%         1
 Corona                   Hex            0%           94%         1
 Pain                     Necr           0%           94%         1
 Sting                    Tmut/Pois      0%           94%         1
 Summon Small Mammal      Summ           0%           94%         1
 Call Imp                 Summ           0%           98%         2
 Ensorcelled Hibernation  Hex/Ice        0%           98%         2
 Poisonous Vapours        Pois/Air       0%           98%         2
 Call Canine Familiar     Summ           0%           100%        3
 Conjure Flame            Conj/Fire      0%           100%        3
 Dazzling Flash           Conj/Hex       0%           100%        3
 Ignite Poison            Fire/Tmut/Pois 0%           100%        3
 Mephitic Cloud           Conj/Pois/Air  0%           100%        3
 Summon Guardian Golem    Hex/Summ       0%           100%        3
 Vampiric Draining        Necr           0%           100%        3
 Animate Dead             Necr           0%           100%        4
 Olgreb's Toxic Radiance  Pois           0%           100%        4
 Summon Ice Beast         Ice/Summ       0%           100%        4
 Summon Lightning Spire   Summ/Air       0%           100%        4
 Agony                    Necr           0%           100%        5
 Bolt of Magma            Conj/Fire/Erth 0%           100%        5
 Borgnjor's Vile Clutch   Necr/Erth      0%           100%        5
 Fireball                 Conj/Fire      0%           100%        5
 Irradiate                Conj/Tmut      0%           100%        5
 Iskenderun's Battlesphe  Conj           0%           100%        5
 Silence                  Hex/Air        0%           100%        5
 Freezing Cloud           Conj/Ice/Air   0%           100%        6
 Shadow Creatures         Summ           N/A          100%        6
 Wereblood                Tmut           Unusable     N/A         2
 Hydra Form               Tmut           Unusable     N/A         6
 Statue Form              Tmut/Erth      Unusable     N/A         6
 Dragon Form              Tmut           Unusable     N/A         7

Dungeon Overview and Level Annotations

Branches:
Dungeon (15/15) Temple (0/1) D:5 Lair (6/6) D:9 Swamp (4/4) Lair:2 Snake (0/4) Lair:3 Slime (0/5) Lair:6 Orc (2/2) D:10 Elf (0/3) Orc:2 Vaults (0/5) D:13 D:14 Depths (0/5) D:15 Ossuary (visited) Volcano (visited) Gauntlet (visited)

Altars:
Dithmenos
Elyvilon
Gozag
Makhleb
Okawaru
Qazlal
Sif Muna
Beogh

Shops:
D:8 !   D:11 ?   D:14 *   Orc:1 *   Orc:2 ?[?=

Portals:
Trove: D:13 (give +5 demon blade)

Annotations:
D:14 Josephine
Lair:3 exclusion: oklob plant
Lair:6 exclusion: 4 oklob plants


Innate Abilities, Weirdness & Mutations

You thrive by killing the living.
You are immune to poison.
You have sharp fingernails.
Your flesh is cold resistant. (rC+)
You are immune to negative energy. (rN+++)
You do not regenerate when monsters are visible.
You are immune to unholy pain and torment.
You can survive without breathing.


Message History

The spriggan rider hits the six-headed hydra with a +0 spear!
The bog body misses you.
The eleionoma is engulfed in noxious fumes.
The eleionoma hits you.
* * * LOW HITPOINT WARNING * * *
The six-headed hydra completely misses you.
The six-headed hydra bites you but does no damage. x2
The six-headed hydra bites you!
* * * LOW HITPOINT WARNING * * *
The six-headed hydra barely misses you.
The six-headed hydra closely misses you.
The swamp worm is engulfed in noxious fumes.
The swamp worm barely misses you.
The will-o-the-wisp gestures.
The will-o-the-wisp conjures some foxfire! 2 foxfires come into view.
As you read the scroll of teleportation, it crumbles to dust.
You feel strangely unstable.
The spriggan rider looks more healthy.
The foxfire hits you!!
You die...

#♣.♣#
##♣≈.≈...≈...^♣
#♣# #♣♣♣..≈.♣♣.♣♣
#♣≈...≈≈.♣♣
#♣..≈≈.≈.♣
#♣≈...≈♣♣♣
#♣≈...≈..♣♣♣
#..≈....≈.≈♣♣
♣○Rn≈≈.≈....♣
♣D@t$≈≈≈...♣♣
♣ivw...≈..♣♣
≈D§kDki§.........
....Dvv≈..≈..≈§..
......i§.≈≈≈≈..♣§.
....≈.≈≈...≈≈≈..≈.
..≈≈.≈§.≈....≈...
...≈...≈≈..§.♣...
..≈≈.....≈.≈≈..


You could see an eleionoma, an alligator (strong, swift), 2 six-headed hydras, 3
spriggan riders, a will-o-the-wisp, a bog body, a swamp worm (strong), 2 swamp
drakes and a steam dragon.

Vanquished Creatures
  Agnes (D:14)
  A red draconian (Volcano)
  2 bunyips (Swamp:1)
  A minotaur (Gauntlet)
  4 eleionomae
  A shambling mangrove (Swamp:2)
  2 fire dragons
  A great orb of eyes (D:15)
  The ghost of Mehot the Basher, a journeyman PaFi of Zin (Lair:2)
  Erolcha (D:10)
  5 boulder beetles
  3 centaur warriors
  2 catoblepae (Lair:3)
  15 hydras
  2 ogre magi
  19 two-headed ogres
  Erica (D:11)
  3 tengu warriors
  A queen ant (Gauntlet)
  The ghost of lis8215 the Zephyrmancer, a novice DgAE (D:10)
  7 alligators
  8 death yaks
  2 spriggans
  Urug (D:13)
  4 orc high priests
  5 spriggan druids
  6 goliath frogs
  An unseen horror (D:10)
  3 bog bodies
  A lindwurm (Lair:6)
  4 swamp dragons
  A necromancer (D:15)
  2 orc knights
  An orb spider (shapeshifter) (D:14)
  9 ugly things
  3 orc sorcerers
  2 deep elf magi (D:15)
  A will-o-the-wisp (Swamp:2)
  2 cyclopes
  3 manticores
  13 elephants
  A naga mage (D:15)
  10 black mambas
  An ice statue (D:10)
  2 molten gargoyles (Lair:6)
  12 cane toads
  A torpor snail (Lair:2)
  3 rime drakes
  12 komodo dragons
  An efreet (D:15)
  A tengu conjurer (D:15)
  A troll (shapeshifter) (D:15)
  2 polar bears
  8 trolls
  5 hornets
  6 tyrant leeches
  7 dream sheep
  17 blink frogs (Lair:3)
  6 slime creatures
  13 flying skulls (Gauntlet)
  A centaur simulacrum (D:15)
  2 shadows
  5 wyverns
  A water elemental (D:15)
  9 wraiths
  38 yaks
  A vampire (D:14)
  15 humans
  3 fire bats (Orc:1)
  13 basilisks
  3 steam dragons
  6 wargs
  Menkaure (D:4)
  2 nagas (Lair:3)
  22 vampire mosquitoes
  4 acid dragons
  18 swamp worms
  4 soldier ants (Gauntlet)
  17 water moccasins
  5 hell hounds (Lair:6)
  3 sky beasts
  21 orc warriors
  3 ice beasts
  4 black bears
  4 centaurs
  12 ogres
  4 phantoms
  18 wolves
  A big kobold (D:7)
  4 elf zombies (Ossuary)
  17 bullfrogs
  A gnoll sergeant (D:11)
  2 scorpions
  A hornet simulacrum (D:15)
  3 wyvern skeletons
  11 killer bees
  16 wights
  A howler monkey (D:10)
  5 electric eels
  4 lava snakes (Lair:6)
  3 bullfrog zombies
  6 human zombies (Ossuary)
  4 hounds
  4 jellies
  28 orc priests
  3 centaur zombies
  2 gnoll shamans
  30 orc wizards
  5 centaur skeletons
  A bullfrog skeleton (D:7)
  7 iguanas
  10 hell rats
  9 worker ants
  3 hound skeletons
  3 mummies (Ossuary)
  A worker ant zombie (D:8)
  11 gnolls
  18 adders
  3 shadow imps
  3 white imps
  An ufetubus (D:5)
  3 oozes
  An adder zombie (D:7)
  2 worms
  2 dart slugs (D:1)
  4 leopard geckos
  70 orcs
  4 bats (D:1)
  8 giant cockroaches
  10 goblins
  10 hobgoblins
  4 jackals (D:1)
  11 kobolds
  6 quokkas
  4 ball pythons
  A frilled lizard (D:5)
  A quokka zombie (D:5)
  4 rats
860 creatures vanquished.

Vanquished Creatures (collateral kills)
  A polar bear (Lair:6)
1 creature vanquished.

Vanquished Creatures (others)
  A centaur skeleton (D:15)
  A bloated husk (Swamp:3)
  A spriggan (Swamp:3)
  A jelly (D:10)
  An ufetubus (D:9)
  A foxfire (Swamp:4)
  63 fungi
  66 plants
135 creatures vanquished.

Grand Total: 996 creatures vanquished

Notes
Turn   | Place    | Note
-------+----------+-------------------------------------------
     0 | D:1      | HoaS the Ghoul Gladiator began the quest for the Orb.
     0 | D:1      | Reached XP level 1. HP: 17/17 MP: 0/0
    56 | D:1      | Reached XP level 2. HP: 22/24 MP: 1/1
    81 | D:1      | Reached skill level 4 in Unarmed Combat
   191 | D:1      | Reached XP level 3. HP: 29/29 MP: 2/2
   687 | D:2      | Found a shadowy altar of Dithmenos.
   740 | D:2      | Reached skill level 5 in Unarmed Combat
   773 | D:2      | Found an iron altar of Okawaru.
   803 | D:2      | Reached XP level 4. HP: 36/36 MP: 3/3
   815 | D:2      | Found a burning altar of Makhleb.
   823 | D:2      | Became a worshipper of Makhleb the Destroyer
  1069 | D:2      | Reached skill level 6 in Unarmed Combat
  1069 | D:2      | Reached XP level 5. HP: 27/41 MP: 4/4
  1193 | D:2      | Found a shimmering blue altar of Sif Muna.
  1193 | D:2      | Found a stormy altar of Qazlal.
  1630 | D:4      | Noticed Menkaure
  1637 | D:4      | Killed Menkaure
  1638 | D:4      | Reached skill level 7 in Unarmed Combat
  1638 | D:4      | Reached XP level 6. HP: 48/48 MP: 5/5
  1732 | D:4      | Reached * piety under Makhleb
  1788 | D:4      | Reached skill level 8 in Unarmed Combat
  1868 | D:4      | Reached XP level 7. HP: 55/55 MP: 6/6
  2119 | D:5      | Entered Level 5 of the Dungeon
  2179 | D:5      | Found a shadowy altar of Dithmenos.
  2253 | D:5      | Got a heavily runed chain mail
  2256 | D:5      | Identified the +7 chain mail of the Kettle-Drum {rPois
                  | Str+4 Dex+3} (You found it on level 5 of the Dungeon)
  2313 | D:5      | Reached skill level 9 in Unarmed Combat
  2522 | D:5      | Reached ** piety under Makhleb
  2633 | D:5      | Found a staircase to the Ecumenical Temple.
  2665 | D:5      | Found a white marble altar of Elyvilon.
  2794 | D:6      | Reached skill level 10 in Unarmed Combat
  2811 | D:6      | Reached XP level 8. HP: 60/61 MP: 7/7
  2932 | D:6      | Found a sand-covered staircase.
  2958 | Ossuary  | Entered an ossuary
  2980 | Ossuary  | Reached skill level 11 in Unarmed Combat
  3086 | Ossuary  | Reached skill level 12 in Unarmed Combat
  3103 | Ossuary  | Reached XP level 9. HP: 68/68 MP: 8/8
  3562 | D:6      | Reached skill level 1 in Armour
  3665 | D:6      | Reached *** piety under Makhleb
  4462 | D:7      | Reached skill level 13 in Unarmed Combat
  4675 | D:7      | Reached XP level 10. HP: 80/80 MP: 9/9
  4780 | D:8      | Found an opulent altar of Gozag.
  4864 | D:8      | Reached **** piety under Makhleb
  4962 | D:8      | You fall into a shaft and drop 3 floors!
  4972 | D:11     | Reached skill level 5 in Fighting
  5001 | D:11     | Reached skill level 5 in Dodging
  5263 | D:11     | Noticed a red ugly thing
  5287 | D:11     | Killed a red ugly thing
  5351 | D:11     | Noticed a two-headed ogre
  5359 | D:11     | Killed a two-headed ogre
  5360 | D:11     | Reached skill level 14 in Unarmed Combat
  5437 | D:11     | Noticed Erica
  5439 | D:11     | Found Umeapsor's Magic Scroll Boutique.
  5445 | D:11     | Killed Erica
  5446 | D:11     | Reached XP level 11. HP: 91/91 MP: 8/10
  5493 | D:11     | Reached skill level 5 in Armour
  5498 | D:11     | Bought a scroll of enchant armour for 120 gold pieces
  5627 | D:10     | Entered Level 10 of the Dungeon
  5702 | D:9      | Reached ***** piety under Makhleb
  5781 | D:9      | Noticed a two-headed ogre
  5800 | D:9      | Killed a two-headed ogre
  5803 | D:9      | Identified a scroll of acquirement
  5803 | D:9      | Acquired 636 gold pieces
  6075 | D:9      | Found a staircase to the Lair.
  6243 | D:8      | Found Cusaank's Distillery.
  6261 | D:8      | Bought 2 potions of heal wounds for 160 gold pieces
  6261 | D:8      | Bought a potion of heal wounds for 80 gold pieces
  6732 | D:10     | Found a transporter.
  6738 | D:10     | Noticed lis8215's ghost (novice DgAE)
  6758 | D:10     | Killed an unseen horror
  6759 | D:10     | Reached skill level 15 in Unarmed Combat
  6801 | D:10     | Identified Tiluilli's Collected Works on Unstable Attacks
  6881 | D:10     | Found a transporter.
  6966 | D:10     | Noticed Erolcha
  6976 | D:10     | Killed Erolcha
  7091 | D:10     | Found a staircase to the Orcish Mines.
  7207 | Lair:1   | Entered Level 1 of the Lair of Beasts
  7316 | Lair:1   | Reached XP level 12. HP: 101/101 MP: 9/11
  8071 | Lair:2   | Found a transporter.
  8073 | Lair:2   | Noticed Mehot's ghost (journeyman PaFi)
  8150 | Lair:2   | Noticed a six-headed hydra
  8160 | Lair:2   | Killed a six-headed hydra
  8175 | Lair:2   | Noticed a seven-headed hydra
  8182 | Lair:2   | Noticed a death yak
  8183 | Lair:2   | Killed a seven-headed hydra
  8193 | Lair:2   | Killed a death yak
  8224 | Lair:2   | Noticed a six-headed hydra
  8232 | Lair:2   | Killed a six-headed hydra
  8253 | Lair:2   | Reached skill level 16 in Unarmed Combat
  8405 | Lair:2   | Noticed a six-headed hydra
  8405 | Lair:2   | Noticed a five-headed hydra
  8406 | Lair:2   | Found a staircase to the Swamp.
  8417 | Lair:2   | Killed a five-headed hydra
  8428 | Lair:2   | Killed a six-headed hydra
  8586 | Lair:2   | Found a transporter.
  8879 | Lair:3   | Found a staircase to the Snake Pit.
  8913 | Lair:3   | Noticed an eight-headed hydra
  8920 | Lair:3   | Killed an eight-headed hydra
  8940 | Lair:3   | Reached XP level 13. HP: 111/111 MP: 10/12
  9012 | Lair:3   | Reached ****** piety under Makhleb
  9461 | Lair:3   | Reached skill level 10 in Fighting
  9461 | Lair:3   | Reached skill level 17 in Unarmed Combat
 10564 | Lair:4   | Reached XP level 14. HP: 78/122 MP: 2/13
 11370 | Lair:5   | Found a gate leading to a gauntlet.
 11402 | Gauntlet | Entered a Gauntlet
 11402 | Gauntlet | Found a transporter.
 11402 | Gauntlet | Found a transporter.
 11406 | Gauntlet | Found a runed translucent door.
 11408 | Gauntlet | Found a transporter.
 11410 | Gauntlet | Found a runed translucent door.
 11420 | Gauntlet | Found a transporter.
 11438 | Gauntlet | Found a transporter.
 11438 | Gauntlet | Found a transporter.
 11438 | Gauntlet | Found a transporter.
 11440 | Gauntlet | Found a transporter.
 11440 | Gauntlet | Found a transporter.
 11455 | Gauntlet | Found a transporter.
 11469 | Gauntlet | Found a transporter.
 11479 | Gauntlet | Found a transporter.
 11493 | Gauntlet | Found a transporter.
 11513 | Gauntlet | Found a transporter.
 11682 | Gauntlet | Reached skill level 18 in Unarmed Combat
 11714 | Gauntlet | Got a sparkling pewter ring
 11715 | Gauntlet | Identified the ring "Retycuas" {Ice *Corrode rElec Int+9
                  | Dex-2} (You found it in a Gauntlet)
 11776 | Gauntlet | Identified the Papyrus of the Volcanoes
 12329 | Lair:6   | Entered Level 6 of the Lair of Beasts
 12400 | Lair:6   | Reached skill level 10 in Dodging
 12581 | Lair:6   | Got a pair of polished gloves
 12582 | Lair:6   | Identified the +1 pair of gloves of Contentment {rElec
                  | Str-2 Int+4} (You found it on level 6 of the Lair of
                  | Beasts)
 12836 | Lair:6   | Found a staircase to the Slime Pits.
 12926 | Lair:6   | Reached XP level 15. HP: 115/132 MP: 10/14
 12982 | Lair:6   | Reached skill level 10 in Armour
 13148 | Lair:6   | Reached skill level 19 in Unarmed Combat
 13331 | Lair:6   | Found a large runed translucent door.
 13332 | Lair:6   | Found a large runed translucent door.
 13702 | Lair:2   | Killed Mehot's ghost
 13863 | D:10     | Killed lis8215's ghost
 15125 | Orc:1    | Entered Level 1 of the Orcish Mines
 15130 | D:10     | Acquired 698 gold pieces
 15132 | D:10     | Acquired the +0 crystal plate armour of Valiance {rCorr}
 15200 | Orc:1    | Found a dark tunnel.
 15220 | Volcano  | Entered a volcano
 15240 | Volcano  | Found a burning altar of Makhleb.
 15521 | Orc:2    | Entered Level 2 of the Orcish Mines
 15607 | Orc:1    | Found a roughly hewn altar of Beogh.
 15631 | Orc:1    | Found Datej's General Store.
 16083 | Orc:2    | Found a staircase to the Elven Halls.
 16126 | Orc:2    | Found a roughly hewn altar of Beogh.
 16465 | Orc:2    | Reached XP level 16. HP: 141/141 MP: 15/15
 16585 | Orc:2    | Found Puvugen's Jewellery Boutique.
 16585 | Orc:2    | Found Muqy's Antique Armour Shop.
 16586 | Orc:2    | Found Ruqal's Magic Scroll Shop.
 16589 | Orc:2    | Found Batyd's Magic Scroll Boutique.
 16828 | Orc:2    | Found a roughly hewn altar of Beogh.
 16926 | Orc:2    | Bought a +6 ring of dexterity for 819 gold pieces
 16927 | Orc:2    | Bought a scroll of teleportation for 42 gold pieces
 16927 | Orc:2    | Bought a scroll of blinking for 105 gold pieces
 16928 | Orc:2    | Bought a scroll of blinking for 112 gold pieces
 16928 | Orc:2    | Bought a scroll of enchant armour for 112 gold pieces
 16928 | Orc:2    | Bought a scroll of teleportation for 45 gold pieces
 17061 | D:13     | Reached skill level 20 in Unarmed Combat
 17677 | D:13     | Found a portal to a secret trove of treasure.
 17790 | D:14     | Found a gate to the Vaults.
 17790 | D:14     | Noticed Urug
 17790 | D:14     | Noticed Agnes
 17790 | D:14     | Noticed Josephine
 17820 | D:13     | Killed Urug
 17943 | D:14     | Found Pasymat's Assorted Antiques.
 17959 | D:14     | Bought 2 potions of curing for 192 gold pieces
 17959 | D:14     | Bought a potion of heal wounds for 160 gold pieces
 18531 | D:14     | Killed Agnes
 18635 | D:15     | Entered Level 15 of the Dungeon
 19342 | D:15     | Found a staircase to the Depths.
 19619 | Swamp:1  | Entered Level 1 of the Swamp
 20155 | Swamp:2  | Reached XP level 17. HP: 151/151 MP: 16/16
 20361 | Swamp:2  | Reached skill level 21 in Unarmed Combat
 21233 | Swamp:4  | Entered Level 4 of the Swamp
 21322 | Swamp:4  | Killed from afar by a will-o-the-wisp

Illustrated notes

Levels and vault maps discovered:
D:1:      dpeg_arrival_shrine, layout_basic
D:2:      layout_rooms, overflow_temple_1_default, old_standard_altar,
          gammafunk_temple_overflow_elements, grunt_dithmenos_smoke
D:3:      layout_basic
D:4:      layout_rooms, uniq_menkaure
D:5:      minmay_opposing_rooms, layout_cave_pools, kennysheep_mini,
          minmay_temple_entry_tees, basic_altar
D:6:      minmay_razor_zed, layout_basic, enter_ossuary_3
D:7:      layout_basic
D:8:      layout_rooms, nicolae_overflow_hidden_temple, serial_shops, shop,
          kennysheep_small_square
D:9:      layout_small_grid, due_lair_maze_entry_diamond
D:10:     layout_gridville, orc_0_dummy, nzn_ghost_randoct, uniq_erolcha
D:11:     layout_basic, serial_curves, eino_curves_01, eino_curves_04,
          serial_shops, shop_fountains, uniq_erica
D:12:     layout_basic
D:13:     layout_loops_ring, trove_entry_hex_spiral
D:14:     layout_roguey, david_vaults_3, serial_bayou_shore_a, serial_shops,
          nicolae_shop_trees, uniq_agnes, uniq_josephine
D:15:     grunt_enter_depths_magical_seal, layout_gridville,
          minmay_misc_feat_more_columns, fungi_pond_lemuel, st_stairs_13,
          lemuel_old_faithful
Lair:1:   statuecave_lemuel, layout_chaotic_city,
          cheibrodos_lair_caveside_slide, st_stairs_10, serial_bayou_shore_b,
          grunt_megastairs_2
Lair:2:   layout_regular_city, palyth_hydra_swamp_entry, gammafunk_ghost_arena,
          hangedman_lair_generics_rect, serial_bayou_shore_b
Lair:3:   layout_roguey, guppyfry_snake_entry_island, grunt_megastairs_3,
          minmay_lair_oklob_chamber
Lair:4:   onia_ninara_swampy_vault, layout_cellular_growth,
          serial_bayou_shore_b, infiniplex_staircase_pool_2
Lair:5:   beast_lair_carwin_large_1, layout_concentric_octagons,
          gauntlet_entry_generic
Lair:6:   cheibrodos_lair_end_hotspot, layout_hall_layers,
          minmay_slime_entry_oklob_enclosed, serial_bayou_shore_b
Swamp:1:  layout_falls_marsh, evilmike_swamp_ruin_house_3
Swamp:2:  layout_basic_swamp, nicolae_swamp_feature_on_the_river_bank
Swamp:3:  layout_falls_marsh, evilmike_swamp_ruin_house_2
Swamp:4:  swamp_fiery, layout_basic_swamp, swamp_pool1, grunt_lady_of_the_lake
Orc:1:    layout_caves, basic_altar, serial_shops,
          nicolae_shop_competitors_out_of_business,
          nicolae_volcano_entry_batcave, uniq_urug
Orc:2:    st_orc_mages, layout_caves, basic_altar, minmay_orc_temple_a

Skill      XL: |  1  2  3  4  5  6  7  8  9 10 11 12 13 14 15 16 17 |
---------------+----------------------------------------------------+-----
Unarmed Combat | 4 5 6 7 8 10 12 13 14 15 16 17 18 19 20 21 | 21.2
Armour         | 3 4 6 7 8 9 10 11 12 | 12.0
Dodging        | 4 5 7 8 9 10 11 12 | 12.3
Fighting       | 4 6 8 9 10 11 12 13 14 | 14.1
Throwing       | |  1.7

Action                   |  1- 3 |  4- 6 |  7- 9 | 10-12 | 13-15 | 16-18 || total
-------------------------+-------+-------+-------+-------+-------+-------++-------
Melee: Unarmed           |    93 |   135 |   425 |   610 |  1291 |   731 ||  3285
       Punch             |       |     1 |    30 |    51 |   153 |   108 ||   343
Throw: Throwing net      |       |       |       |       |       |     3 ||     3
       Boomerang         |       |       |       |       |       |     2 ||     2
Evoke: Wand              |       |       |       |       |       |     2 ||     2
  Use: Scroll            |     6 |     4 |    14 |     9 |    13 |     3 ||    49
       Potion            |       |     1 |       |     3 |     2 |     1 ||     7
 Stab: Petrified         |       |       |       |       |     4 |       ||     4
Armor: Leather armour    |    24 |       |       |       |       |       ||    24
       Plate armour      |     9 |    61 |    21 |       |       |       ||    91
       Chain mail        |       |       |   183 |   391 |   858 |   337 ||  1769
Dodge: Dodged            |    54 |    25 |   148 |   329 |   842 |   481 ||  1879

Table legend: (Time is in decaauts)
 A = Elapsed time spent in this place.
 B = Non-inter-level travel time spent in this place.
 C = Inter-level travel time spent in this place.
 D = Time resting spent in this place.
 E = Time spent auto-exploring this place.
 F = Levels seen in this place.
 G = Mean time per level.
                   A        B        C        D        E       F      G
               +--------+--------+--------+--------+--------+-----+--------+
         Total |  20599 |  18893 |   1706 |   1440 |  12270 |  30 |  686.6 |
       Dungeon |  10581 |   9543 |   1038 |    660 |   6416 |  15 |  705.4 |
          Lair |   5965 |   5442 |    523 |    378 |   3701 |   6 |  994.2 |
         Swamp |   1774 |   1735 |     39 |    287 |   1038 |   4 |  443.5 |
  Orcish Mines |   1551 |   1446 |    105 |     92 |    829 |   2 |  775.5 |
       Ossuary |    173 |    173 |      0 |      0 |     60 |   1 |  173.0 |
       Volcano |    147 |    147 |      0 |      0 |     76 |   1 |  147.0 |
      Gauntlet |    405 |    405 |      0 |     22 |    149 |   1 |  405.0 |
               +--------+--------+--------+--------+--------+-----+--------+

Top non-repeatable levels by time:
  Lair:4: 1361 daAuts
    D:11: 1309 daAuts
  Lair:6: 1098 daAuts
  Lair:3: 1075 daAuts
  Lair:2: 1000 daAuts
     D:6: 900 daAuts
   Orc:2: 891 daAuts
    D:13: 870 daAuts
  Lair:1: 827 daAuts
 Swamp:2: 824 daAuts
     D:9: 774 daAuts
    D:15: 763 daAuts
    D:10: 703 daAuts
     D:1: 671 daAuts
   Orc:1: 660 daAuts
